AAA EAST
NORFOLK TIDES @ ST. PAUL SAINTS
07/03/2041
 
TOP OF THE 1ST
Norfolk Tides batting - Pitching for St. Paul Saints : RHP Robby McGrath
Pitching: RHP Robby McGrath
Batting: SHB Jorge Rodríguez 0-0: Called Strike
0-1: Ball
1-1: Ball
2-1: Swinging Strike
2-2: Ball
3-2: Foul Ball, location: 25FF
3-2: Foul Ball, location: 5FF
3-2: Foul Ball, location: 9LSF
3-2: Strikes out swinging
Batting: RHB Víctor Vera 0-0: Called Strike
0-1: Called Strike
0-2: Ball
1-2: Strikes out looking
Batting: LHB Quant Melissanides 0-0: Ball
1-0: Ball
2-0: Ball
3-0: Base on Balls
Batting: LHB Cristo Guerrero 0-0: Ball
1-0: Swinging Strike
1-1: Ball
2-1: Ground out 4-3 (Groundball, 34S, EV 84.4 MPH)
Top of the 1st over - 0 runs, 0 hits, 0 errors, 1 left on base; Norfolk 0 - St. Paul 0
BOTTOM OF THE 1ST
St. Paul Saints batting - Pitching for Norfolk Tides : RHP José Antonio Méndez
Pitching: RHP José Antonio Méndez
Batting: SHB Víctor Martínez 0-0: Ball
1-0: Swinging Strike
1-1: Ground out 4-3 (Groundball, 4, EV 100.6 MPH)
Batting: RHB Juan Juárez 0-0: Foul Ball, location: 3SF
0-1: Foul Ball, location: 7LDF
0-2: Ball
1-2: Ball
2-2: Foul Ball, location: 2F
2-2: Ball
3-2: Foul Ball, location: 2F
3-2: Ground out U3 (Groundball, 34S, EV 90.0 MPH)
Batting: SHB Ron Richards 0-0: Called Strike
0-1: Foul Ball, location: 2F
0-2: SINGLE (Line Drive, 78S, EV 90.0 MPH)
Batting: LHB José Toledo 0-0: Called Strike
Ron Richards steals 2nd base
0-1: Foul Ball, location: 2F
0-2: DOUBLE (Line Drive, 9LM, EV 94.4 MPH)
Ron Richards scores
Batting: RHB Steve Thomas 0-0: Called Strike
0-1: Fly out, F4 (Popup, 13S, EV 85.0 MPH)
Bottom of the 1st over - 1 run, 2 hits, 0 errors, 1 left on base; Norfolk 0 - St. Paul 1
TOP OF THE 2ND
Norfolk Tides batting - Pitching for St. Paul Saints : RHP Robby McGrath
Batting: RHB Lionardo Falder 0-0: Called Strike
0-1: Ball
1-1: TRIPLE (Line Drive, 9LD, EV 108.1 MPH)
Batting: RHB Jesús Lorenzo 0-0: Fly out, F9 (Flyball, 89S, EV 96.9 MPH)
Runner from 3rd tags up, SCORES, throw by RF
Batting: LHB Manuelo Pacheco 0-0: Fly out, F8 (Line Drive, 8LM, EV 93.1 MPH)
Batting: SHB Iván Méndez 0-0: Ball
1-0: Foul Ball, location: 3FF
1-1: Ball
2-1: Ball
3-1: Ground out 3-1 (Groundball, 34S, EV 91.3 MPH)
Top of the 2nd over - 1 run, 1 hit, 0 errors, 0 left on base; Norfolk 1 - St. Paul 1
BOTTOM OF THE 2ND
St. Paul Saints batting - Pitching for Norfolk Tides : RHP José Antonio Méndez
Batting: RHB Juan Quintana 0-0: Called Strike
0-1: Ball
1-1: Called Strike
1-2: Foul Ball, location: 2F
1-2: Ball
2-2: Foul Ball, location: 2F
2-2: Foul Ball, location: 9LDF
2-2: Ball
3-2: SINGLE (Line Drive, 4D, EV 98.1 MPH)
Batting: RHB Ángelo Sánchez 0-0: Bunted foul
0-1: Ball
1-1: Ball
2-1: Sac Bunt to 15 - play at first, batter OUT! 1-3
Juan Quintana to second
Batting: LHB Mario Román 0-0: Ground out 5-3 (Groundball, 56, EV 92.5 MPH)
Batting: RHB Alan Bolden 0-0: Called Strike
0-1: SINGLE (Line Drive, 9S, EV 89.4 MPH)
Juan Quintana to third
Runner from 3rd tries for Home, SAFE, throw by RF to home
Batting: SHB Víctor Martínez 0-0: SINGLE (Groundball, 34, EV 80.0 MPH) (infield hit)
Alan Bolden to second
Batting: RHB Juan Juárez 0-0: Ball
1-0: Ball
2-0: Called Strike
2-1: Ball
3-1: Base on Balls
Alan Bolden to third
Víctor Martínez to second
Batting: SHB Ron Richards 0-0: Ball
1-0: Called Strike
1-1: Ball
2-1: Ball
3-1: Base on Balls
Alan Bolden scores
Víctor Martínez to third
Juan Juárez to second
Batting: LHB José Toledo 0-0: Ball
1-0: Foul Ball, location: 2F
1-1: Fly out, F8 (Flyball, 8LD, EV 105.0 MPH)
Bottom of the 2nd over - 2 runs, 3 hits, 0 errors, 3 left on base; Norfolk 1 - St. Paul 3
TOP OF THE 3RD
Norfolk Tides batting - Pitching for St. Paul Saints : RHP Robby McGrath
Pitching: RHP Kevin Mitchell
Batting: RHB Ed Draper 0-0: Ball
1-0: Swinging Strike
1-1: Ball
2-1: SINGLE (Line Drive, 56D, EV 96.9 MPH)
Batting: SHB Jorge Rodríguez 0-0: Ball
1-0: Foul Ball, location: 3FF
1-1: Ball
2-1: Foul Ball, location: 5SF
2-2: Strikes out swinging
Batting: RHB Víctor Vera 0-0: Ball
1-0: Foul Ball, location: 9LDF
1-1: Foul Ball, location: 25FF
1-2: Foul Ball, location: 9LDF
1-2: Strikes out looking
Batting: LHB Quant Melissanides 0-0: Ball
1-0: Called Strike
1-1: Called Strike
1-2: Ball
2-2: Foul Ball, location: 2F
2-2: Ball
3-2: Base on Balls
Ed Draper to second
Batting: LHB Cristo Guerrero 0-0: Ground out 4-3 (Groundball, 4, EV 83.1 MPH)
Top of the 3rd over - 0 runs, 1 hit, 0 errors, 2 left on base; Norfolk 1 - St. Paul 3
BOTTOM OF THE 3RD
St. Paul Saints batting - Pitching for Norfolk Tides : RHP José Antonio Méndez
Batting: RHB Steve Thomas 0-0: Swinging Strike
0-1: Ball
1-1: Foul Ball, location: 2F
1-2: Strikes out swinging
Batting: RHB Juan Quintana 0-0: Ball
1-0: Foul Ball, location: 2RF
1-1: Ball
2-1: Ball
3-1: Ground out U3 (Groundball, 34S, EV 88.1 MPH)
Batting: RHB Ángelo Sánchez 0-0: Ball
1-0: Ball
2-0: Ball
3-0: Called Strike
3-1: SINGLE (Line Drive, 4MD, EV 106.9 MPH)
Batting: LHB Mario Román 0-0: Ball
1-0: Called Strike
1-1: Ball
2-1: Foul Ball, location: 2F
2-2: TRIPLE (Flyball, 9D, EV 90.6 MPH)
Ángelo Sánchez scores
Batting: RHB Alan Bolden 0-0: Fly out, F8 (Line Drive, 8RD, EV 96.9 MPH)
Bottom of the 3rd over - 1 run, 2 hits, 0 errors, 1 left on base; Norfolk 1 - St. Paul 4
TOP OF THE 4TH
Norfolk Tides batting - Pitching for St. Paul Saints : RHP Kevin Mitchell
Batting: RHB Lionardo Falder 0-0: Ball
1-0: Foul Ball, location: 9LSF
1-1: SOLO HOME RUN (Flyball, 9D, EV 90.0 MPH), Distance : 345 ft
Batting: RHB Jesús Lorenzo 0-0: Called Strike
0-1: Ball
1-1: Foul Ball, location: 9LSF
1-2: Ground out 4-3 (Groundball, 4, EV 107.5 MPH)
Batting: LHB Manuelo Pacheco 0-0: SOLO HOME RUN (Flyball, 8LXD, EV 92.5 MPH) (Inside the Park)
Batting: SHB Iván Méndez 0-0: Fly out, F4 (Popup, 4MD, EV 50.6 MPH)
Batting: RHB Ed Draper 0-0: Ball
1-0: Foul Ball, location: 2F
1-1: Ball
2-1: Ball
3-1: Swinging Strike
3-2: Base on Balls
Batting: SHB Jorge Rodríguez 0-0: Ball
1-0: Ball
2-0: Ball
3-0: Base on Balls
Ed Draper to second
Batting: RHB Víctor Vera 0-0: Called Strike
0-1: SINGLE (Line Drive, 9S, EV 96.9 MPH)
Ed Draper to third
Jorge Rodríguez to second
Runner from 3rd tries for Home, SAFE, throw by RF to home
Batting: LHB Quant Melissanides 0-0: Called Strike
0-1: Foul Ball, location: 2F
0-2: Ball
1-2: Strikes out swinging
Top of the 4th over - 3 runs, 3 hits, 0 errors, 2 left on base; Norfolk 4 - St. Paul 4
BOTTOM OF THE 4TH
St. Paul Saints batting - Pitching for Norfolk Tides : RHP José Antonio Méndez
Batting: SHB Víctor Martínez 0-0: Foul Ball, location: 2F
0-1: Ball
1-1: Ball
2-1: Called Strike
2-2: DOUBLE (Line Drive, 8LD, EV 103.1 MPH)
Batting: RHB Juan Juárez 0-0: Ball
1-0: Ground out 5-3 (Groundball, 56S, EV 81.9 MPH)
Víctor Martínez to third
Batting: SHB Ron Richards 0-0: Ball
1-0: Ball
2-0: Ball
3-0: Called Strike
3-1: Foul Ball, location: 2F
3-2: Base on Balls
Batting: LHB José Toledo 0-0: Foul Ball, location: 3F
0-1: Called Strike
0-2: Ball
1-2: Ball
2-2: Ball
3-2: 3-RUN HOME RUN (Flyball, 9D, EV 96.9 MPH), Distance : 357 ft
Pitching: RHP Héctor Durán
Batting: RHB Steve Thomas 0-0: Called Strike
0-1: Ball
1-1: Called Strike
1-2: SOLO HOME RUN (Flyball, 7D, EV 92.5 MPH), Distance : 344 ft
Batting: RHB Juan Quintana 0-0: Ball
1-0: Called Strike
1-1: Ball
2-1: Foul Ball, location: 2F
2-2: Strikes out swinging
Batting: RHB Ángelo Sánchez 0-0: Ball
1-0: Swinging Strike
1-1: Called Strike
1-2: Ball
2-2: Ball
3-2: Strikes out swinging
Bottom of the 4th over - 4 runs, 3 hits, 0 errors, 0 left on base; Norfolk 4 - St. Paul 8
TOP OF THE 5TH
Norfolk Tides batting - Pitching for St. Paul Saints : RHP Kevin Mitchell
Batting: LHB Cristo Guerrero 0-0: Called Strike
0-1: Ball
1-1: Foul Ball, location: 2F
1-2: Ball
2-2: Ball
3-2: Foul Ball, location: 2F
3-2: Fly out, F7 (Flyball, 7S, EV 97.5 MPH)
Batting: RHB Lionardo Falder 0-0: Foul Ball, location: 5F
0-1: Called Strike
0-2: Strikes out swinging, 2-3 out at first.
Batting: RHB Jesús Lorenzo 0-0: Swinging Strike
0-1: Ball
1-1: Called Strike
1-2: Ball
2-2: Strikes out swinging
Top of the 5th over - 0 runs, 0 hits, 0 errors, 0 left on base; Norfolk 4 - St. Paul 8
BOTTOM OF THE 5TH
St. Paul Saints batting - Pitching for Norfolk Tides : RHP Héctor Durán
Batting: LHB Mario Román 0-0: Ball
1-0: Foul Ball, location: 2F
1-1: Ball
2-1: DOUBLE (Groundball, 5L, EV 105.6 MPH)
DELAY Rain delay of 27 minutes in the 5th inning.
Batting: RHB Alan Bolden 0-0: Reached on error, E6 (Groundball, 6, EV 86.9 MPH)
Mario Román to third
Batting: SHB Víctor Martínez 0-0: Called Strike
0-1: Ball
1-1: Ground out 5-3 (Groundball, 56S, EV 86.9 MPH)
Batting: RHB Juan Juárez 0-0: Ball
1-0: Fly out, F5 (Popup, 5S, EV 73.1 MPH)
Batting: SHB Ron Richards 0-0: Ball
1-0: Ball
2-0: Swinging Strike
2-1: Foul Ball, location: 9LSF
2-2: Ball
3-2: Strikes out looking
Bottom of the 5th over - 0 runs, 1 hit, 1 error, 2 left on base; Norfolk 4 - St. Paul 8
TOP OF THE 6TH
Norfolk Tides batting - Pitching for St. Paul Saints : RHP Kevin Mitchell
Batting: LHB Manuelo Pacheco 0-0: Called Strike
0-1: Fly out, F8 (Flyball, 78S, EV 79.4 MPH)
Batting: SHB Iván Méndez 0-0: Ground out U3 (Groundball, 34S, EV 86.9 MPH)
Batting: RHB Ed Draper 0-0: Ball
1-0: SINGLE (Groundball, 34D, EV 105.6 MPH)
Batting: SHB Jorge Rodríguez 0-0: Foul Ball, location: 7LDF
0-1: Swinging Strike
0-2: Strikes out swinging
Top of the 6th over - 0 runs, 1 hit, 0 errors, 1 left on base; Norfolk 4 - St. Paul 8
BOTTOM OF THE 6TH
St. Paul Saints batting - Pitching for Norfolk Tides : RHP Héctor Durán
Batting: LHB José Toledo 0-0: Ball
1-0: Called Strike
1-1: Called Strike
1-2: TRIPLE (Line Drive, 89XD, EV 110.6 MPH)
Batting: RHB Steve Thomas 0-0: Called Strike
0-1: Swinging Strike
0-2: Ball
1-2: Ball
2-2: Foul Ball, location: 9LDF
2-2: Strikes out swinging
Batting: RHB Juan Quintana 0-0: Ball
1-0: Called Strike
1-1: Called Strike
1-2: Ball
2-2: Strikes out looking
Batting: RHB Ángelo Sánchez 0-0: SINGLE (Groundball, 34, EV 109.4 MPH)
José Toledo scores
Batting: LHB Mario Román 0-0: Ball
1-0: Called Strike
1-1: Ball
2-1: DOUBLE (Line Drive, 89D, EV 107.5 MPH)
Ángelo Sánchez to third
Batting: RHB Alan Bolden 0-0: Ball
1-0: Foul Ball, location: 2F
1-1: Called Strike
1-2: SINGLE (Groundball, 13S, EV 69.4 MPH) (infield hit)
Ángelo Sánchez scores
Mario Román to third
Batting: SHB Víctor Martínez 0-0: Ball
1-0: Ball
2-0: Ball
3-0: Base on Balls
Alan Bolden to second
Batting: RHB Juan Juárez 0-0: Ball
1-0: Foul Ball, location: 25FF
1-1: Ball
2-1: Foul Ball, location: 5DF
2-2: Fly out, F6 (Popup, 6M, EV 76.9 MPH)
Bottom of the 6th over - 2 runs, 4 hits, 0 errors, 3 left on base; Norfolk 4 - St. Paul 10
TOP OF THE 7TH
Norfolk Tides batting - Pitching for St. Paul Saints : RHP Kevin Mitchell
Batting: RHB Víctor Vera 0-0: Fly out, F3 (Line Drive, 3L, EV 72.5 MPH)
Batting: LHB Quant Melissanides 0-0: SOLO HOME RUN (Flyball, 9LD, EV 90.6 MPH), Distance : 327 ft
Batting: LHB Cristo Guerrero 0-0: Called Strike
0-1: Ball
1-1: Ball
2-1: Ground out 3-1 (Groundball, 34, EV 84.4 MPH)
Batting: RHB Lionardo Falder 0-0: Called Strike
0-1: Ball
1-1: Foul Ball, location: 9LDF
1-2: Foul Ball, location: 5SF
1-2: Ball
2-2: Ground out 5-3 (Groundball, 56, EV 93.1 MPH)
Top of the 7th over - 1 run, 1 hit, 0 errors, 0 left on base; Norfolk 5 - St. Paul 10
BOTTOM OF THE 7TH
St. Paul Saints batting - Pitching for Norfolk Tides : RHP Héctor Durán
Batting: SHB Ron Richards 0-0: Foul Ball, location: 9LMFF
0-1: Ball
1-1: Foul Ball, location: 7LMF
1-2: Ball
2-2: SOLO HOME RUN (Flyball, 8LXD, EV 105.6 MPH), Distance : 432 ft
Pitching: RHP Mac Reese
Batting: LHB José Toledo 0-0: Fly out, F9 (Flyball, 9D, EV 96.3 MPH)
Batting: RHB Steve Thomas 0-0: Ball
1-0: Called Strike
1-1: Ball
2-1: Foul Ball, location: 2F
2-2: Foul Ball, location: 2F
2-2: Strikes out swinging
Batting: RHB Juan Quintana 0-0: Ball
1-0: Called Strike
1-1: Ball
2-1: Called Strike
2-2: Foul Ball, location: 3F
2-2: Ball
3-2: Strikes out swinging
Bottom of the 7th over - 1 run, 1 hit, 0 errors, 0 left on base; Norfolk 5 - St. Paul 11
TOP OF THE 8TH
Norfolk Tides batting - Pitching for St. Paul Saints : RHP Kevin Mitchell
Batting: RHB Jesús Lorenzo 0-0: Called Strike
0-1: Ball
1-1: Ball
2-1: Foul Ball, location: 2F
2-2: Strikes out swinging
Batting: LHB Manuelo Pacheco 0-0: Foul Ball, location: 7LMF
0-1: Ball
1-1: Ball
2-1: Ball
3-1: Base on Balls
Pitching: RHP Luis Miguel Durán
Batting: SHB Iván Méndez 0-0: Ball
1-0: Foul Ball, location: 9LMF
1-1: Swinging Strike
1-2: Foul Ball, location: 25F
1-2: Ball
2-2: Foul Ball, location: 3SF
2-2: Ball
3-2: Base on Balls
Manuelo Pacheco to second
Batting: RHB Ed Draper 0-0: Ball
1-0: Ball
2-0: Fly out, F7 (Flyball, 78M, EV 85.6 MPH)
Batting: SHB Jorge Rodríguez 0-0: Foul Ball, location: 2F
0-1: Fielders Choice at 2nd, U6 (Groundball, 6M, EV 103.8 MPH)
Top of the 8th over - 0 runs, 0 hits, 0 errors, 2 left on base; Norfolk 5 - St. Paul 11
BOTTOM OF THE 8TH
St. Paul Saints batting - Pitching for Norfolk Tides : RHP Mac Reese
Batting: RHB Ángelo Sánchez 0-0: Ball
1-0: Ball
2-0: Ball
3-0: Base on Balls
Batting: LHB Mario Román 0-0: Ball
1-0: 2-RUN HOME RUN (Flyball, 7LD, EV 90.0 MPH), Distance : 347 ft
Batting: RHB Alan Bolden 0-0: Ball
1-0: Ball
2-0: Called Strike
2-1: Called Strike
2-2: Ball
3-2: Strikes out swinging
Pinch Hitting: RHB Juan Ramírez 0-0: Foul Ball, location: 23F
0-1: Ball
1-1: Ball
2-1: Ground out U3 (Groundball, 3, EV 108.8 MPH)
Pinch Hitting: LHB Jeremy Castle 0-0: Ball
1-0: Ball
2-0: Called Strike
2-1: Called Strike
2-2: DOUBLE (Line Drive, 8RD, EV 111.9 MPH)
Pinch Hitting: LHB Jorge León 0-0: Called Strike
0-1: Foul Ball, location: 2F
0-2: Ball
1-2: SINGLE (Flyball, 8RM, EV 91.9 MPH)
Jeremy Castle to third
Runner from 3rd tries for Home, throw by CF and OUT! 8-2
Bottom of the 8th over - 2 runs, 3 hits, 0 errors, 1 left on base; Norfolk 5 - St. Paul 13
TOP OF THE 9TH
Norfolk Tides batting - Pitching for St. Paul Saints : RHP Luis Miguel Durán
Now at 1B: Jerry Butler
Now at 2B: Juan Ramírez
Now at 3B: Juan Quintana
Now in RF: Jorge León
Batting: RHB Víctor Vera 0-0: SINGLE (Line Drive, 78M, EV 91.9 MPH)
Batting: LHB Quant Melissanides 0-0: Called Strike
0-1: Ball
1-1: Ball
2-1: Ball
3-1: Ground out U3 (Groundball, 34S, EV 69.4 MPH)
Víctor Vera to second
Batting: LHB Cristo Guerrero 0-0: Called Strike
0-1: Ball
1-1: Foul Ball, location: 23F
1-2: DOUBLE (Line Drive, 89XD, EV 106.3 MPH)
Víctor Vera scores
Batting: RHB Lionardo Falder 0-0: Ball
1-0: Fly out, F9 (Flyball, 9, EV 93.1 MPH)
Batting: RHB Jesús Lorenzo 0-0: Swinging Strike
0-1: Foul Ball, location: 23F
0-2: Ball
1-2: Foul Ball, location: 9LMF
1-2: SINGLE (Groundball, 6MD, EV 106.3 MPH)
Cristo Guerrero to third
Batting: LHB Manuelo Pacheco 0-0: Swinging Strike
0-1: Ball
1-1: Ball
2-1: Called Strike
2-2: Ball
3-2: Base on Balls
Jesús Lorenzo to second
Batting: SHB Iván Méndez 0-0: Ball
Wild Pitch!
Cristo Guerrero scores
Jesús Lorenzo to third
Manuelo Pacheco to second
1-0: Ball
2-0: SINGLE (Groundball, 34D, EV 101.9 MPH)
Jesús Lorenzo scores
Manuelo Pacheco to third
Pitching: RHP Ted Whitehead
Pinch Hitting: LHB Willie MacKey 0-0: Called Strike
0-1: Ball
1-1: Swinging Strike
1-2: Foul Ball, location: 2F
1-2: Strikes out swinging
Top of the 9th over - 3 runs, 4 hits, 0 errors, 2 left on base; Norfolk 8 - St. Paul 13
Monday, April 1st , 2024 - OOTP Baseball 24.10 Build 82